 Dungeon Crawl Stone Soup version 0.32-a0-630-g46d191b0ed (webtiles) character file.

Game seed: 16448470352667847843

162 backslashecho the Grasshopper (level 5, -9/43 HPs)
             Began as a Gnoll Warper on Mar 7, 2024.
             Mangled by an iguana (12 damage)
             ... on level 5 of the Dungeon.
             The game lasted 00:06:13 (3584 turns).

backslashecho the Grasshopper (Gnoll Warper)        Turns: 3584, Time: 00:06:14

Health: -9/43      AC:  3    Str: 11    XL:     5   Next: 43%
Magic:  12/12      EV: 13    Int: 12    God:
Gold:   158        SH:  0    Dex: 13    Spells: 14/14 levels left

rFire   . . .        a - +0 falchion
rCold   + . .        (no shield)
rNeg    + . .        b - +0 leather armour
rPois   .            k - melded +0 helmet
rElec   .            (cloak currently unavailable)
rCorr   .            (gloves currently unavailable)
SInv    .            (boots currently unavailable)
Will    .....        r - amulet of regeneration
Stlth   ++           e - ring of protection from cold
HPRegen 1.07/turn    n - ring of positive energy
MPRegen 0.13/turn

%: no passive effects
@: beast-form
A: beast (slay +0), fangs 1, strong nose, distributed training
a: Begin Untransformation


You were on level 5 of the Dungeon.
You were a hulking beast.
You visited 1 branch of the dungeon, and saw 6 of its levels.

You collected 158 gold pieces.

Inventory:

Hand Weapons
 a - a +0 falchion (weapon)
Missiles
 d - 4 darts of dispersal (quivered)
 p - 5 atropa-tipped darts
Armour
 b - a +0 leather armour (worn)
 k - a +0 helmet (melded)
Jewellery
 e - a ring of protection from cold (left hand)
 n - a ring of positive energy (right hand)
 r - an amulet of regeneration (around neck)
Talismans
 j - a beast talisman (active)
Wands
 l - a wand of warping (7)
Scrolls
 c - 2 scrolls of blinking
 q - a scroll of poison
 s - a scroll of teleportation
 t - a scroll of enchant weapon
 u - a scroll of immolation
Potions
 g - 2 potions of degeneration {unknown}
 h - 3 potions of ambrosia {unknown}
 i - a potion of haste {unknown}
 m - a potion of heal wounds {unknown}
 o - a potion of curing {unknown}


   Skills:
 + Level 4.8 Fighting
 + Level 1.5 Short Blades
 + Level 4.8 Long Blades
 + Level 1.5 Axes
 + Level 1.5 Maces & Flails
 + Level 1.5 Polearms
 + Level 1.5 Staves
 + Level 1.5 Ranged Weapons
 + Level 3.0 Throwing
 + Level 3.0 Armour
 + Level 4.8 Dodging
 + Level 1.5 Stealth
 + Level 1.5 Shields
 + Level 1.5 Unarmed Combat
 + Level 5.2 Spellcasting
 + Level 1.2 Conjurations
 + Level 1.2 Hexes
 + Level 1.2 Summonings
 + Level 1.2 Necromancy
 + Level 5.5 Translocations
 + Level 1.2 Fire Magic
 + Level 1.2 Ice Magic
 + Level 1.2 Air Magic
 + Level 1.2 Earth Magic
 + Level 1.2 Alchemy
 + Level 1.7 Invocations
 + Level 1.5 Evocations
 + Level 1.4 Shapeshifting


You had 14 spell levels left.
You didn't know any spells.
Your spell library contained the following spells:

 Spells                   Type           Power      Damage    Failure   Level
 Blink                    Tloc           32%        N/A       3%          2
 Lesser Beckoning         Tloc           32%        N/A       3%          2
 Teleport Other           Tloc           16%        N/A       8%          3
 Manifold Assault         Tloc           16%        N/A       26%         4
 Vhi's Electric Charge    Tloc/Air       22%        N/A       52%         4


Dungeon Overview and Level Annotations

Branches:
Dungeon (6/15)
 Temple: D:4-7

Altars:
Hepliaklqana


Innate Abilities, Weirdness & Mutations

You are a hulking beast.
Your limbs bulge with bestial killing power. (Slay +0)
You have very sharp teeth.
Your uncanny sense of smell can sniff out nearby items.
Your experience applies equally to all skills.


Message History

You hit the ribbon worm.
The ribbon worm is almost dead.
The ribbon worm expels a string of sticky webbing.
The stream of webbing misses you.
You hit the ribbon worm.
You kill the ribbon worm!
The water moccasin closely misses you.
Aiming: Warp Space
Press: ? - help, Shift-Dir - straight line, f - water moccasin
Aim: a water moccasin
Okay, then.
The water moccasin attacks as it pursues you!
The water moccasin bites you!
You are poisoned.
The water moccasin poisons you!
You take 6 damage, and have 29/43 hp.
You feel very sick. The water moccasin barely misses you.
You take 3 damage, and have 26/43 hp.
Aiming: Warp Space
Press: ? - help, Shift-Dir - straight line
Okay, then.
You hit the water moccasin.
The water moccasin is lightly wounded.
You feel very sick. The water moccasin bites you!
You take 9 damage, and have 17/43 hp.
MASSIVE DAMAGE!!
Okay, then.
Unknown command.
Throw: 7 darts (disperse)
Press: ? - help, Shift-Dir - straight line, f - water moccasin
Aim: a water moccasin (lightly wounded, 38% to hit)
You throw a dart of dispersal.
The dart of dispersal hits the water moccasin.
The water moccasin blinks!
The water moccasin is lightly wounded.
You feel sick.
You take 1 damage, and have 16/43 hp.
You hit the ball python.
You kill the ball python!
You feel sick.
You take 1 damage, and have 15/43 hp.
Found an escape hatch in the ceiling.
You feel sick.
Found a leather armour.
You feel sick.
You take 1 damage, and have 15/43 hp.
You feel sick.
There is a stone staircase leading up here.
Throw: 6 darts (disperse)
Press: ? - help, Shift-Dir - straight line, f/p - water moccasin
Aim: a water moccasin (lightly wounded, 38% to hit)
You throw a dart of dispersal.
The dart of dispersal barely misses the water moccasin.
You feel sick. The water moccasin bites you.
* * * LOW HITPOINT WARNING * * *
You take 3 damage, and have 12/43 hp.
Throw: 5 darts (disperse)
Press: ? - help, Shift-Dir - straight line, f/p - water moccasin
Aim: a water moccasin (lightly wounded, 38% to hit)
You throw a dart of dispersal.
The dart of dispersal hits the water moccasin!
The water moccasin blinks!
You feel sick.
You climb upwards.
The ogre shouts!
You feel sick.
You are no longer poisoned.
There is a stone staircase leading down here.
Aiming: Warp Space
Press: ? - help, Shift-Dir - straight line, f - ogre
Aim: an ogre, wielding a +0 giant club Space twists violently!
The rupture engulfs the ogre!
The ogre blinks!
You hear an angry hiss.
You start resting.
An iguana comes into view.
You regained 2 hp, and now have 16/43 hp.
Aiming: Warp Space
Press: ? - help, Shift-Dir - straight line, f - iguana
Aim: an iguana Space twists violently!
The rupture engulfs the iguana!
The iguana blinks!
The iguana is heavily wounded.
You hit the iguana.
The iguana is severely wounded.
The iguana bites you.
You take 3 damage, and have 14/43 hp.
You hit the iguana but do no damage.
The iguana is severely wounded.
The iguana hisses menacingly.
The iguana barely misses you.
You completely miss the iguana.
The iguana is severely wounded.
The iguana bites you!
* * * LOW HITPOINT WARNING * * *
You take 12 damage, and have 3/43 hp.
MASSIVE DAMAGE!!
You barely miss the iguana.
The iguana is severely wounded.
The iguana bites you.
* * * LOW HITPOINT WARNING * * *
You take 1 damage, and have 2/43 hp.
The iguana attacks as it pursues you! The iguana bites you!
You die...

#.. #.. ##.. ...
##.. #### ...
....
######.###..#
.......hl.O.#
###########.....
.## ∆


You could see an ogre and an iguana.

Vanquished Creatures
  A bombardier beetle (D:3)
  3 gnolls (D:3)
  5 adders
  A dart slug (D:1)
  2 ribbon worms
  5 endoplasms
  2 giant cockroaches
  4 goblins
  5 hobgoblins
  7 jackals
  A quokka (D:1)
  A ball python (D:6)
  3 bats
  2 frilled lizards (D:2)
  A kobold (D:1)
  6 rats
49 creatures vanquished.

Notes
Turn   | Place    | Note
-------+----------+-------------------------------------------
     0 | D:1      | backslashecho the Gnoll Warper began the quest for the Orb.
     0 | D:1      | Reached XP level 1. HP: 20/20 MP: 6/6
   173 | D:1      | Reached XP level 2. HP: 21/26 MP: 7/7
   198 | D:1      | Found a faded altar of an unknown god.
   584 | D:1      | Reached skill level 5 in Spellcasting
   584 | D:1      | Reached XP level 3. HP: 31/31 MP: 7/9
  1151 | D:2      | Reached skill level 1 in Invocations
  1362 | D:2      | Reached skill level 1 in Short Blades
  1362 | D:2      | Reached skill level 1 in Axes
  1362 | D:2      | Reached skill level 1 in Maces & Flails
  1362 | D:2      | Reached skill level 1 in Polearms
  1362 | D:2      | Reached skill level 1 in Staves
  1362 | D:2      | Reached skill level 1 in Ranged Weapons
  1362 | D:2      | Reached skill level 1 in Stealth
  1362 | D:2      | Reached skill level 1 in Shields
  1362 | D:2      | Reached skill level 1 in Unarmed Combat
  1362 | D:2      | Reached skill level 1 in Evocations
  1955 | D:2      | Reached skill level 1 in Shapeshifting
  1955 | D:2      | Reached XP level 4. HP: 38/38 MP: 11/11
  2613 | D:3      | Reached skill level 1 in Conjurations
  2613 | D:3      | Reached skill level 1 in Hexes
  2613 | D:3      | Reached skill level 1 in Summonings
  2613 | D:3      | Reached skill level 1 in Necromancy
  2613 | D:3      | Reached skill level 1 in Fire Magic
  2613 | D:3      | Reached skill level 1 in Ice Magic
  2613 | D:3      | Reached skill level 1 in Air Magic
  2613 | D:3      | Reached skill level 1 in Earth Magic
  2613 | D:3      | Reached skill level 1 in Alchemy
  2719 | D:3      | Reached XP level 5. HP: 37/43 MP: 12/12
  2900 | D:3      | Found a hazy altar of Hepliaklqana.
  3511 | D:4      | You fall into a shaft and drop 2 floors!
  3553 | D:6      | Noticed a water moccasin
  3575 | D:5      | Entered Level 5 of the Dungeon
  3575 | D:5      | Noticed an ogre
  3583 | D:5      | HP: 2/43 [iguana (2)]
  3584 | D:5      | Mangled by an iguana

Illustrated notes

Levels and vault maps discovered:
D:1:      lightli_arrival_boilingwater, layout_basic,
          ebering_ecumenical_altar_webs, nicolae_concentric_dashed_squares_mild,
          grunt_decor_resistance, chequers_serial_rivers_room_a, hex_medium,
          serial_bayou_lagoon_b
D:2:      layout_basic
D:3:      layout_basic, mainiacjoe_overflow_paths, serial_rivers,
          chequers_serial_rivers_small_b, chequers_serial_rivers_large_b,
          chequers_serial_rivers_room_a, chequers_serial_rivers_small_b,
          chequers_serial_rivers_room_a, chequers_serial_rivers_small_a
D:4:      layout_loops_ring, zin_scriptorium, uniq_sigmund, uniq_pikel
D:5:      layout_basic, dancing_weapons_uskayaw, nicolae_ru_path_of_blood
D:6:      layout_loops_ring, marbit_many_paths, gammafunk_temple_overflow_pools,
          minmay_temple_entry_antechambers, cheibrodos_sewer_entry_drain,
          columned_hall_lemuel

Skill      XL: |  1  2  3  4  5 |
---------------+----------------+-----
Spellcasting   | 5 |  5.2
Invocations    | 1 |  1.7
Short Blades   | 1 |  1.5
Axes           | 1 |  1.5
Maces & Flails | 1 |  1.5
Polearms       | 1 |  1.5
Staves         | 1 |  1.5
Ranged Weapons | 1 |  1.5
Stealth        | 1 |  1.5
Shields        | 1 |  1.5
Unarmed Combat | 1 |  1.5
Evocations     | 1 |  1.5
Shapeshifting  | 1 |  1.4
Conjurations   | 1 |  1.2
Hexes          | 1 |  1.2
Summonings     | 1 |  1.2
Necromancy     | 1 |  1.2
Fire Magic     | 1 |  1.2
Ice Magic      | 1 |  1.2
Air Magic      | 1 |  1.2
Earth Magic    | 1 |  1.2
Alchemy        | 1 |  1.2
Throwing       | 3 |  3.0
Armour         | 3 |  3.0
Fighting       | |  4.8
Long Blades    | |  4.8
Dodging        | |  4.8
Translocations | |  5.5

Action                     |  1- 3 |  4- 6 || total
---------------------------+-------+-------++-------
  Melee: Falchion          |   112 |    76 ||   188
         Bite              |     3 |     7 ||    10
  Throw: Dart              |       |     3 ||     3
  Evoke: Wand              |       |     2 ||     2
    Use: Scroll            |     2 |     3 ||     5
   Stab: Sleeping          |     1 |     2 ||     3
 Armour: Leather armour    |    67 |    33 ||   100
  Dodge: Dodged            |    85 |    49 ||   134
   Form: Beast             |     2 |       ||     2
                           |     1 |       ||     1

Table legend: (Time is in decaauts)
 A = Elapsed time spent in this place.
 B = Non-inter-level travel time spent in this place.
 C = Inter-level travel time spent in this place.
 D = Time resting spent in this place.
 E = Time spent auto-exploring this place.
 F = Levels seen in this place.
 G = Mean time per level.
                   A        B        C        D        E       F      G
               +--------+--------+--------+--------+--------+-----+--------+
         Total |   3681 |   3538 |    143 |    226 |   2649 |   6 |  613.5 |
       Dungeon |   3681 |   3538 |    143 |    226 |   2649 |   6 |  613.5 |
               +--------+--------+--------+--------+--------+-----+--------+

Top non-repeatable levels by time:
     D:3: 1339 daAuts
     D:2: 1234 daAuts
     D:1: 990 daAuts
     D:6: 63 daAuts
     D:4: 45 daAuts
     D:5: 9 daAuts
